 Dungeon Crawl Stone Soup version 0.30-a0-760-g5a9884bb7c (webtiles) character file.

Game seed: 17701691130944338656

57 Twinkles the Sneak (level 3, -4/19 HPs)
             Began as a Spriggan Delver on Feb 11, 2023.
             Slain by a goblin
             ... wielding a +0 dagger
             ... led by Robin
              (6 damage)
             ... on level 2 of the Dungeon.
             The game lasted 00:14:22 (2427 turns).

Twinkles the Sneak (Spriggan Delver)                Turns: 2427, Time: 00:14:22

Health: -4/19      AC:  2    Str:  8    XL:     3   Next: 73%
Magic:  4/4        EV: 18    Int: 13    God:
Gold:   90         SH:  0    Dex: 16    Spells: 2/2 levels left

rFire   . . .      SeeInvis +    a - +0 short sword
rCold   . . .      Faith    .    (no shield)
rNeg    . . .      Spirit   .    b - +0 robe
rPois   +          Reflect  .    j - +0 hat
rElec   .          Harm     .    (no cloak)
rCorr   .          Rampage  .    (gloves unavailable)
Will    .....                    (boots unavailable)
Stlth   ++++                     (no amulet)
HPRegen 0.23/turn                e - ring of poison resistance
MPRegen 0.09/turn                (no ring)

@: very quick
A: very small, no large weapons, unfitting armour, see invisible, speed 3
a: no special abilities


You were on level 2 of the Dungeon.
You visited 1 branch of the dungeon, and saw 5 of its levels.

You collected 90 gold pieces.

Inventory:

Hand Weapons
 a - a +0 short sword (weapon)
Armour
 b - a +0 robe (worn)
 j - a +0 hat (worn)
Jewellery
 e - a ring of poison resistance (left hand)
Wands
 d - a wand of digging (2)
Scrolls
 c - 2 scrolls of identify {unknown}
 h - a scroll of blinking {unknown}
 m - a scroll of silence {unknown}
 E - a scroll of fear
 F - 2 scrolls of fog
 X - a scroll of magic mapping
Potions
 f - a potion of invisibility {unknown}
 g - a potion of magic {unknown}
 i - a potion of flight {unknown}
 k - a potion of cancellation {unknown}
 l - a potion of might {unknown}
 n - a potion of heal wounds {unknown}
 H - a potion of haste


   Skills:
 + Level 2.8 Fighting
 + Level 2.9 Short Blades
 + Level 3.5 Dodging
 + Level 7.8 Stealth


You had 2 spell levels left.
You didn't know any spells.
Your spell library contained the following spells:

 Spells                   Type           Power      Damage    Failure   Level
 Call Canine Familiar     Summ           0%         N/A       67%         3
 Portal Projectile        Hex/Tloc       0%         N/A       67%         3
 Leda's Liquefaction      Hex/Erth       0%         N/A       97%         4


Dungeon Overview and Level Annotations

Branches:
Dungeon (5/15) Zot: 25347
 Temple: D:4-7

Altars:
Fedhas

Annotations:
D:2 Robin
D:4 Ijyb, Sigmund


Innate Abilities, Weirdness & Mutations

You are very small and have problems with some larger weapons.
You are too small for most types of armour.
You have supernaturally acute eyesight. (SInv)
You cover ground extremely quickly. (Speed+++)


Message History

The goblin shouts!
You closely miss the goblin.
The goblin is moderately wounded.
The goblin misses you. The goblin hits you with a +0 dagger.
You barely miss the goblin.
The goblin is moderately wounded.
The goblin barely misses you. The goblin closely misses you.
You hit the goblin but do no damage. You closely miss the goblin.
The goblin misses you. The goblin hits you with a +0 dagger.
You closely miss the goblin. The goblin hits you with a +0 club.
The goblin barely misses you.
You hit the goblin.
You kill the goblin!
The goblin closely misses you. Robin throws the goblin at you!
You closely miss the goblin.
The goblin is moderately wounded.
The goblin barely misses you.
You don't know any spells.
Unknown command.
You don't know any spells.
Unknown command.
Unknown command.
Okay, then.
Unknown command.
Aiming: Dig
Press: ? - help, Shift-Dir - straight line A rock wall.
The rock shatters into small pieces.
The goblin hits you with a +0 dagger. Robin hits you but does no damage.
Robin hits you with a +0 mace.
* * * LOW HITPOINT WARNING * * *
The goblin completely misses you.
Robin points. "Kill!"
Robin roars a battlecry!
The goblin goes into a battle-frenzy!
Robin throws the goblin at you!
* * * LOW HITPOINT WARNING * * *
The goblin hits you with a +0 dagger.
You die...

#........# #.##.##.......
#.####.### #.##.##.......
#.# ##..####.##...#...#..
#.# #.....##.####.#####..
#.# #.....##.## #.# #..
#.###.._..##..# #.# #..
#.........###.# #.# #..
####.....g# #.# #.#####..
###.#@## #.# #........
#.#.# #†# #######.. #.#.#
#.# #.. ### #.#.#
##.#########.# ##.####.#.#
#............#
#.......#g###.##.#########
##.####())....##.# # #.#
##########.# # ## #.# #.#
#


You could see Robin and a goblin (strong).

Vanquished Creatures
  3 dart slugs (D:1)
  A bat (D:1)
  2 endoplasms
  3 giant cockroaches
  10 goblins
  6 hobgoblins
  4 kobolds
  4 quokkas (D:1)
  6 frilled lizards
  6 rats
45 creatures vanquished.

Notes
Turn   | Place    | Note
-------+----------+-------------------------------------------
     0 | D:5      | Twinkles the Spriggan Delver began the quest for the Orb.
     0 | D:5      | Reached XP level 1. HP: 11/11 MP: 2/2
    30 | D:5      | Noticed a wight
    49 | D:4      | Noticed a scorpion
    49 | D:4      | Noticed an ogre
    64 | D:4      | Noticed Sigmund
    82 | D:4      | Noticed Ijyb
   362 | D:1      | Reached XP level 2. HP: 15/16 MP: 3/3
  1131 | D:1      | Reached XP level 3. HP: 19/19 MP: 4/4
  1845 | D:2      | Found a blossoming altar of Fedhas.
  2041 | D:2      | Noticed Robin
  2422 | D:2      | HP: 3/19 [Robin/+0 mace (4)]
  2427 | D:2      | HP: 2/19 [Robin/goblin (2)]
  2427 | D:2      | Slain by a goblin

Illustrated notes

Levels and vault maps discovered:
D:1:      minmay_arrival_shattered_statue, layout_basic, serial_forest,
          infiniplex_forest_zigzag_1, infiniplex_forest_lined_room_2,
          infiniplex_forest_lined_4_way, infiniplex_forest_lined_2,
          minmay_pentomino_q2
D:2:      minmay_roachtagon, layout_loops_ring, basic_altar,
          chequers_serial_rivers_micro_b, glass_columns_c, uniq_robin
D:3:      cheibrodos_pilgrimage, layout_basic, kennysheep_vampire_church,
          serial_shops, shop, shop, nicolae_shop_advertising_works
          [nicolae_subvault_shop_adworks]
D:4:      layout_cave_pools, mainiacjoe_overflow_paths,
          mainiacjoe_overflow_chevrons, nzn_wu_jian_council_hall, uniq_sigmund,
          uniq_crazy_yiuf_cottage, uniq_ijyb
D:5:      layout_rooms, minmay_temple_entry_statues_pillars, serial_rivers,
          chequers_serial_rivers_micro_e, chequers_serial_rivers_small_3,
          chequers_serial_rivers_large_b, chequers_serial_rivers_small_a,
          chequers_serial_rivers_micro_a, chequers_serial_rivers_small_3

Skill      XL: |  1 |
---------------+----+-----
Dodging        | 3 |  3.5
Fighting       | |  2.8
Short Blades   | |  2.9
Stealth        | |  7.8

Action                     || total
---------------------------++-------
  Melee: Short sword       ||   165
  Evoke: Wand              ||     1
   Stab: Sleeping          ||    15
 Armour: Robe              ||    11
  Dodge: Dodged            ||    88

Table legend: (Time is in decaauts)
 A = Elapsed time spent in this place.
 B = Non-inter-level travel time spent in this place.
 C = Inter-level travel time spent in this place.
 D = Time resting spent in this place.
 E = Time spent auto-exploring this place.
 F = Levels seen in this place.
 G = Mean time per level.
                   A        B        C        D        E       F      G
               +--------+--------+--------+--------+--------+-----+--------+
         Total |   1730 |   1595 |    135 |    451 |    608 |   5 |  346.0 |
       Dungeon |   1730 |   1595 |    135 |    451 |    608 |   5 |  346.0 |
               +--------+--------+--------+--------+--------+-----+--------+

Top non-repeatable levels by time:
     D:1: 1261 daAuts
     D:2: 396 daAuts
     D:4: 38 daAuts
     D:5: 30 daAuts
     D:3: 4 daAuts
